 Dungeon Crawl Stone Soup version 0.20.0-10-g0535bb4 (console) character file.

2457 2d6 the Cleaver (level 9, -9/78 HPs)
             Began as a Deep Dwarf Chaos Knight on June 5, 2017.
             Was a Follower of Makhleb.
             Mangled by Prince Ribbit (17 damage)
             ... on level 8 of the Dungeon.
             The game lasted 00:39:33 (6179 turns).

2d6 the Cleaver (Deep Dwarf Chaos Knight)           Turns: 6179, Time: 00:39:39

Health: -9/78      AC:  9    Str: 19    XL:     9   Next: 26%
Magic:  9/9        EV: 14    Int: 15    God:    Makhleb [*.....]
Gold:   245        SH:  4    Dex: 14    Spells: 8/8 levels left

rFire    + + +     SeeInvis +   a - +1 hand axe (chaos)
rCold    + + .     Gourm    .   (no shield)
rNeg     + + .     Faith    .   p - +1 leather armour {rF+}
rPois    .         Spirit   .   C - +0 helmet
rElec    +         Reflect  .   (no cloak)
rCorr    .         Harm     .   F - +0 pair of gloves "Datuf" {rElec rN++ Str-2 Int+2 SInv}
MR       +....                  (no boots)
Stlth    +.........             (no amulet)
Regen    0.0/turn               k - ring of protection from cold
MPRegen  0.2/turn               i - ring of protection from fire

@: non-regenerating
A: damage resistance, heal wounds, large bone plates 1, molten scales 1, see
invisible, agile 1, blink, cold resistance 1, fire resistance 1, sense
surroundings 2, strong 1, no regeneration
a: Heal Wounds, Blink, Renounce Religion


You were on level 8 of the Dungeon.
You worshipped Makhleb.
Makhleb was aware of your devotion.
You were not hungry.

You visited 2 branches of the dungeon, and saw 9 of its levels.
You also visited: Sewer.

You collected 492 gold pieces.
You spent 247 gold pieces at shops.

Inventory:

Hand Weapons
 a - a +1 hand axe of chaos (weapon)
 q - a +0 war axe
 y - a cursed -1 hand axe
 A - a +4 hand axe of electrocution
 J - a +0 morningstar
Missiles
 m - 176 stones (quivered)
 n - 8 curare-tipped needles
 z - 7 tomahawks
 H - 6 tomahawks of returning
Armour
 b - a +2 leather armour
 p - a +1 leather armour of fire resistance (worn)
 C - a +0 helmet (worn)
 F - the +0 pair of gloves "Datuf" (worn) {rElec rN++ Str-2 Int+2 SInv}
   (You bought it in a shop on level 6 of the Dungeon)

   It affects your strength (-2).
   It affects your intelligence (+2).
   It insulates you from electricity.
   It greatly protects you from negative energy.
   It lets you see invisible.
Jewellery
 i - a ring of protection from fire (right hand)
 k - a ring of protection from cold (left hand)
 w - a +3 ring of intelligence
Wands
 I - a wand of scattershot (2/9)
Scrolls
 e - 3 scrolls of identify
 h - 2 scrolls of amnesia
 o - a scroll of blinking
 r - 3 scrolls of magic mapping
 s - 2 scrolls of fear
 u - 3 scrolls of remove curse
 v - a scroll of enchant armour
 D - 2 scrolls of teleportation
 G - a scroll of recharging
Potions
 d - a potion of resistance
 f - a potion of agility
 l - 2 potions of might
 t - 3 potions of berserk rage
 B - a potion of flight
Comestibles
 c - 4 bread rations
 g - 8 meat rations
 j - 4 royal jellies
 x - 6 fruits
 E - 2 chunks of flesh


   Skills:
 - Level 4.0 Fighting
 - Level 9.1 Axes
 - Level 6.0 Armour
 + Level 5.2 Dodging
 + Level 6.2 Invocations
 - Level 4.1 Evocations


You had 8 spell levels left.
You didn't know any spells.

Dungeon Overview and Level Annotations

Branches:
Dungeon (8/15)             Temple (1/1) D:7
   Lair: D:8-11

Altars:
Ashenzari
Cheibriados
Dithmenos
Elyvilon
Fedhas
Gozag
Hepliaklqana
Kikubaaqudgha
Makhleb
Nemelex Xobeh
Okawaru
Qazlal
Ru
Sif Muna
Trog
Uskayaw
Vehumet
Xom
Yredelemnul
Zin
The Shining One

Shops:
D:6 :[([=

Annotations:
D:8 Prince Ribbit


Innate Abilities, Weirdness & Mutations

You are resistant to damage.
You can heal yourself by infusing magical energy.
You passively map the area around you.
You do not regenerate.
You are partially covered in large bone plates. (SH +4)
You are partially covered in molten scales. (AC +2)
You have supernaturally acute eyesight. (SInv)
You are agile. (Dex +2)
You can translocate small distances at will.
Your flesh is cold resistant. (rC+)
Your flesh is heat resistant. (rF+)
Your muscles are strong. (Str +2)


Message History

Press: ? - help, v - describe, . - travel The floor.
You barely miss the centaur.
The centaur is moderately wounded.
You barely miss Prince Ribbit. You block Prince Ribbit's attack.
Prince Ribbit hits you!!
* * * LOW HITPOINT WARNING * * *
The centaur barely misses you.
You blink.
You feel slightly more hungry.
Prince Ribbit hits you but does no damage.
The centaur barely misses you.
Prince Ribbit hits you but does no damage.
The centaur hits you but does no damage.
You hit the centaur.
The centaur is moving more slowly.
The centaur is heavily wounded.
You barely miss Prince Ribbit.
Prince Ribbit hits you but does no damage.
Prince Ribbit hits you!!
You die...
Xom howls with laughter!

###################* **
#.......(§F........ ,
######.########c@Z......
, * * ....##'####
#......... * ..........#
#......... ..........#
#......... , ..........#
########+#* #.........#
########.# ** *
#.........# #........#*
, ..........# #........#
, * ,
.........(#####........#
, , ,


You could see Prince Ribbit (berserk), a centaur (petrifying) and a worker ant
zombie.

Vanquished Creatures
  Sigmund (D:6)
  A fire bat (D:5)
  A hungry ghost (D:8)
  The ghost of Kriby the Skirmisher, an amateur HOFi (D:3)
  2 phantoms
  4 centaurs
  A big kobold (D:7)
  A crocodile (Sewer)
  2 bullfrogs (D:8)
  A scorpion (D:4)
  6 killer bees (D:8)
  A crimson imp (D:6)
  2 quasits
  A gnoll shaman (D:6)
  2 hounds
  4 orc wizards
  Natasha (thrice) (D:4 D:5)
  2 iguanas (D:5)
  3 worker ants
  2 killer bee zombies
  A howler monkey skeleton (D:4)
  7 gnolls
  A gnoll (shapeshifter) (D:2)
  8 adders
  3 shadow imps
  An ooze (D:2)
  4 worms
  A dart slug (D:1)
  2 leopard geckos
  34 orcs
  4 giant cockroaches
  4 goblins
  6 hobgoblins
  12 jackals
  8 kobolds
  2 quokkas
  2 ball pythons
  10 bats
  6 frilled lizards
  A quokka skeleton (D:6)
  A quokka zombie (D:5)
  6 rats
165 creatures vanquished.

Vanquished Creatures (collateral kills)
  A scorpion (D:4)
  An orc priest (D:4)
  A bullfrog skeleton (D:4)
  An orc (D:4)
4 creatures vanquished.

Vanquished Creatures (others)
  A worm (D:3)
1 creature vanquished.

Grand Total: 170 creatures vanquished

Notes
Turn   | Place    | Note
-------+----------+-------------------------------------------
     0 | D:1      | 2d6 the Deep Dwarf Chaos Knight began the quest for the Orb.
     0 | D:1      | Reached XP level 1. HP: 20/20 MP: 1/1
   225 | D:1      | Reached XP level 2. HP: 24/27 MP: 2/2
   420 | D:1      | XOM: harmless Pois miscast
   788 | D:2      | Reached skill level 4 in Axes
   871 | D:2      | Reached XP level 3. HP: 26/33 MP: 3/3
   921 | D:2      | XOM: silly message
   985 | D:2      | XOM: divination: detect items
  1251 | D:3      | XOM: noise
  1326 | D:3      | XOM: god gift: 11 stones
  1391 | D:3      | Noticed Kriby's ghost (amateur HOFi)
  1398 | D:3      | XOM: mild Hex miscast
  1403 | D:3      | XOM: fog
  1412 | D:3      | Killed Kriby's ghost
  1412 | D:3      | Reached XP level 4. HP: 18/40 MP: 4/4
  1412 | D:3      | Reached XP level 5. HP: 20/46 MP: 5/5
  1420 | D:3      | Reached skill level 5 in Armour
  1553 | D:3      | Found a glowing drain.
  1595 | Sewer    | Entered a sewer
  1626 | Sewer    | Noticed a crocodile
  1634 | Sewer    | XOM: cleaving
  1635 | Sewer    | Killed a crocodile
  1635 | Sewer    | Reached skill level 5 in Axes
  1680 | Sewer    | Gained mutation: You are frail. (-10% HP) [potion of mutation]
  1680 | Sewer    | Gained mutation: You are resistant to hostile enchantments. (MR+) [potion of mutation]
  2056 | D:3      | Reached XP level 6. HP: 32/49 MP: 5/5
  2060 | D:3      | Lost mutation: You are frail. (-10% HP) [potion of mutation]
  2060 | D:3      | Lost mutation: You are resistant to hostile enchantments. (MR+) [potion of mutation]
  2060 | D:3      | Gained mutation: You are weak. (Str -2) [potion of mutation]
  2060 | D:3      | Gained mutation: Your flesh is cold resistant. (rC+) [potion of mutation]
  2060 | D:3      | Lost mutation: You are weak. (Str -2) [potion of mutation]
  2060 | D:3      | Gained mutation: You are partially covered in molten scales. (AC +2) [potion of mutation]
  2271 | D:3      | XOM: give mutation
  2271 | D:3      | Gained mutation: Your muscles are strong. (Str +2) [Xom's grace]
  2324 | D:3      | XOM: 1-stop teleportation journey
  2435 | D:3      | XOM: give mutations
  2435 | D:3      | Gained mutation: You have supernaturally acute eyesight. (SInv) [Xom's grace]
  2435 | D:3      | Gained mutation: You possess an exceptional clarity of mind. [Xom's grace]
  2816 | D:4      | XOM: enchant monster (good)
  2832 | D:4      | XOM: god gift: 20 gold pieces
  2889 | D:4      | Noticed Natasha
  2891 | D:4      | XOM: confuse monster(s)
  2904 | D:4      | Killed Natasha
  2905 | D:4      | XOM: destruction
  2907 | D:4      | XOM: cast spell 'Summon Horrible Things'
  2984 | D:4      | XOM: medium Erth miscast
  3030 | D:4      | XOM: 2-stop teleportation journey
  3068 | D:4      | XOM: cast spell 'Summon Dragon'
  3096 | D:4      | XOM: polymorph ice dragon -> eight-headed hydra
  3273 | D:4      | Reached skill level 5 in Dodging
  3314 | D:5      | Entered Level 5 of the Dungeon
  3365 | D:5      | Reached XP level 7. HP: 25/61 MP: 6/6
  3430 | D:5      | XOM: divination: magic mapping
  3433 | D:5      | XOM: polymorph sky beast -> worm
  3437 | D:5      | Noticed a fire bat
  3437 | D:5      | a worm changed into a fire bat
  3439 | D:5      | XOM: cast spell 'Chain of Chaos'
  3444 | D:5      | Killed a fire bat
  3444 | D:5      | Reached skill level 6 in Axes
  3452 | D:5      | Reached skill level 7 in Axes
  3491 | D:5      | XOM: scenery: create altars
  3549 | D:5      | XOM: give mutations
  3549 | D:5      | Gained mutation: You passively map the area around you. [Xom's grace]
  3549 | D:5      | Gained mutation: You are agile. (Dex +2) [Xom's grace]
  3549 | D:5      | Gained mutation: You can translocate small distances at will. [Xom's grace]
  3712 | D:5      | Noticed Natasha
  3721 | D:5      | Killed Natasha
  3889 | D:5      | Noticed Natasha
  3900 | D:5      | Killed Natasha
  4278 | D:6      | XOM: noise
  4329 | D:6      | XOM: swap monsters
  4380 | D:7      | Reached XP level 8. HP: 25/72 MP: 4/4
  4431 | D:7      | Found a staircase to the Ecumenical Temple.
  4436 | Temple   | XOM: noise
  4436 | Temple   | Entered the Ecumenical Temple
  4445 | Temple   | Fell from the grace of Xom
  4445 | Temple   | Became a worshipper of Makhleb the Destroyer
  4691 | D:7      | Reached skill level 1 in Invocations
  4732 | D:6      | Found Oxoxzeof's Weapon Emporium.
  4780 | D:6      | Found Dinufar's Book Shop.
  4794 | D:6      | Found Deohuaro's Armour Emporium.
  4895 | D:6      | Found Dixkoeh's Antique Armour Shop.
  4898 | D:6      | Bought a pair of blackened gloves for 247 gold pieces
  4903 | D:6      | Identified the +0 pair of gloves "Datuf" {rElec rN++ Str-2 Int+2 SInv} (You bought it in a shop on level 6 of the Dungeon)
  4914 | D:6      | Found Genoyhut's Jewellery Boutique.
  4976 | D:6      | Noticed Sigmund
  4989 | D:6      | Killed Sigmund
  4989 | D:6      | Reached skill level 8 in Axes
  4990 | D:6      | XOM: severe Pois miscast
  5397 | D:7      | Reached skill level 5 in Invocations
  5472 | D:7      | Reached skill level 1 in Evocations
  5556 | D:7      | Found a deep blue altar of Sif Muna.
  5649 | D:7      | XOM: give mutations
  5649 | D:7      | Lost mutation: You passively map the area around you. [Xom's mischief]
  5649 | D:7      | Gained mutation: You are partially covered in large bone plates. (SH +4) [Xom's mischief]
  5649 | D:7      | Lost mutation: You possess an exceptional clarity of mind. [Xom's mischief]
  5649 | D:7      | Gained mutation: Your flesh is heat resistant. (rF+) [Xom's mischief]
  5992 | D:8      | Reached skill level 9 in Axes
  6001 | D:8      | Gained mutation: You passively map the area around you. [Deep Dwarf growth]
  6001 | D:8      | Reached XP level 9. HP: 44/78 MP: 8/8
  6018 | D:8      | Reached * piety under Makhleb
  6172 | D:8      | Noticed Prince Ribbit
  6179 | D:8      | Mangled by Prince Ribbit

Skill      XL: |  1  2  3  4  5  6  7  8  9 |
---------------+----------------------------+-----
Dodging        | 2 5 |  5.2
Axes           | 4 5 7 9 |  9.1
Armour         | 4 5 6 |  6.0
Fighting       | 4 |  4.0
Invocations    | 5 6 |  6.2
Evocations     | 3 4 |  4.1

Action                   |  1- 3 |  4- 6 |  7- 9 || total
-------------------------+-------+-------+-------++-------
Melee: Hand axe          |   126 |   166 |   399 ||   691
Throw: Stone             |     2 |       |       ||     2
 Abil: Heal Wounds       |     1 |     2 |     6 ||     9
       Blink             |       |       |     1 ||     1
Evoke: Wand              |       |       |     1 ||     1
  Use: Scroll            |     6 |     5 |     7 ||    18
       Potion            |       |     5 |     2 ||     7
 Stab: Confused          |     1 |     1 |       ||     2
       Petrifying        |       |       |     1 ||     1
       Petrified         |       |       |     1 ||     1
       Paralysed         |       |       |     5 ||     5
  Eat: Chunk             |     2 |     6 |     9 ||    17
       Fruit             |       |       |     1 ||     1
Armor: Leather armour    |    54 |    34 |   120 ||   208
Dodge: Dodged            |    85 |    92 |   257 ||   434
Block: Other             |       |       |    25 ||    25

Vault maps used:
D:1:      dpeg_arrival_central
D:3:      first_bread, cheibrodos_sewer_entry_bend
D:4:      uniq_natasha
D:6:      serial_shops, shop, shop, kennysheep_mini_moat, kennysheep_mini,
          nicolae_shop_statue_plus, minivault_24, uniq_sigmund
D:7:      temple_doors_cd, led_sif_pool
D:8:      lair_entry_dummy, serial_glass, glass_columns_a, glass_columns_a,
          serial_shops, nicolae_shop_overgrown_old_shop, uniq_prince_ribbit1
Temple:   compressed_dpeg_triangle_lava_temple
Sewer:    sewer_big_baddie
